 Dungeon Crawl Stone Soup version 0.31.0 (webtiles) character file.

Game seed: 4150974669550899165

165 HakonGodeson the Chopper (level 5, 0/42 HPs)
             Began as a Human Fighter on Jan 20, 2024.
             Was a Follower of Ru.
             Incinerated by a bombardier beetle (5 damage)
             ... with a burning spray
             ... on level 4 of the Dungeon.
             The game lasted 00:03:14 (638 turns).

HakonGodeson the Chopper (Human Fighter)             Turns: 638, Time: 00:03:15

Health: 0/42       AC: 13    Str: 16    XL:     5   Next: 46%
Magic:  5/5        EV:  9    Int: 11    God:    Ru [*.....]
Gold:   77         SH:  4    Dex: 12    Spells: 4/4 levels left

rFire   . . .        a - +0 war axe (protect)
rCold   . . .        c - +0 buckler
rNeg    . . .        b - +0 scale mail
rPois   +            (no helmet)
rElec   .            (no cloak)
rCorr   .            (no gloves)
SInv    .            (no boots)
Will    .....        (no amulet) Stlth
                     f - ring of poison resistance
HPRegen 0.27/turn    (no ring)
MPRegen 0.09/turn

%: no passive effects
@: mighty, on fire, under a protective aura, glowing
A: weak-willed 1, explore regen
a: Renounce Religion


You were on level 4 of the Dungeon.
You worshipped Ru.
Ru was aware of your devotion.
You visited 1 branch of the dungeon, and saw 4 of its levels.

You collected 116 gold pieces.
You spent 39 gold pieces at shops.

Inventory:

Hand Weapons
 a - a +0 war axe of protection (weapon)
Armour
 b - a +0 scale mail (worn)
 c - a +0 buckler (worn)
Jewellery
 f - a ring of poison resistance (left hand)
Scrolls
 g - 2 scrolls of revelation
 h - a scroll of identify
Potions
 e - a potion of curing


   Skills:
 * Level 3.7 Fighting
 * Level 3.8 Axes
 * Level 3.3 Armour
 * Level 1.1 Dodging
 * Level 1.3 Stealth
 * Level 3.4 Shields


You had 4 spell levels left.
You didn't know any spells.
Your spell library was empty.

Dungeon Overview and Level Annotations

Branches:
Dungeon (4/15)
 Temple: D:4-7

Altars:
Ru

Shops:
D:2 !


Innate Abilities, Weirdness & Mutations

You are slightly weak-willed. (Will-)
You regain HP and MP as you explore.


Message History

The burning spray hits you.
You are even more covered in liquid fire!
The quokka barely misses you.
You feel better. The liquid fire burns you!
The quokka bites you but does no damage.
You slash the bombardier beetle!
The bombardier beetle is severely wounded.
You hit the quokka. The liquid fire burns you!
* * * LOW HITPOINT WARNING * * *
The quokka bites you.
* * * LOW HITPOINT WARNING * * *
The bombardier beetle sprays incendiary fluid at you.
The burning spray hits you.
You are even more covered in liquid fire!
The quokka bites you but does no damage.
You feel better. The liquid fire burns you!
The bombardier beetle sprays incendiary fluid at you.
The burning spray misses you. You block the quokka's attack.
You feel very mighty all of a sudden. The liquid fire burns you!
* * * LOW HITPOINT WARNING * * *
The quokka bites you but does no damage.
You slash the bombardier beetle!
You kill the bombardier beetle!
You closely miss the quokka. The liquid fire burns you!
* * * LOW HITPOINT WARNING * * *
The quokka is stunned by your conviction and fails to attack.
You shake off some of the fire as you move.
The liquid fire burns you!
* * * LOW HITPOINT WARNING * * *
The quokka bites you but does no damage.
You block the quokka's attack.
You see here a bombardier beetle corpse.
You shake off some of the fire as you move.
The liquid fire burns you!
You die...

# *####...#....####*,**,,,*
###.(..,#.........,,,,***,*
#...#*****#....#**,**** *,*
..#** *#...# *,******,* ..###
#†..# *,,,,,,,,* #...#### #.#†#
*******,,*******
###....#####)#># *,,,,,,,,,
####....##.#.#########********,
####....#)†@../...# *,
###..##r$......# *,
#####......=.# *, #........# **
#........#* * #.........*
#########.** *,,* **,**


You could see a quokka.

Vanquished Creatures
  2 bombardier beetles (D:4)
  A jelly (D:4)
  A hound (D:4)
  An adder (D:4)
  2 dart slugs
  A ribbon worm (D:2)
  3 endoplasms
  A giant cockroach (D:4)
  A goblin (D:2)
  2 hobgoblins
  2 kobolds
  A quokka (D:4)
  2 ball pythons
  3 rats
23 creatures vanquished.

Notes
Turn   | Place    | Note
-------+----------+-------------------------------------------
     0 | D:1      | HakonGodeson the Human Fighter began the quest for the Orb.
     0 | D:1      | Reached XP level 1. HP: 18/18 MP: 1/1
   152 | D:1      | Reached XP level 2. HP: 24/24 MP: 2/2
   160 | D:2      | Found Pemef's Distillery.
   237 | D:2      | Found a faded altar of an unknown god.
   249 | D:2      | Prayed at the altar of an unknown god.
   249 | D:2      | Became a worshipper of Ru the Awakened
   264 | D:2      | Gained mutation: You are slightly weak-willed. (Will-) [Ru
                  | sacrifice]
   264 | D:2      | Reached * piety under Ru
   377 | D:2      | Bought a potion of curing for 39 gold pieces
   458 | D:4      | Reached XP level 3. HP: 22/29 MP: 3/3
   464 | D:4      | Reached XP level 4. HP: 27/35 MP: 4/4
   606 | D:4      | Reached skill level 1 in Stealth
   611 | D:4      | Reached skill level 1 in Dodging
   611 | D:4      | Reached XP level 5. HP: 39/41 MP: 5/5
   638 | D:4      | Incinerated by a bombardier beetle

Illustrated notes

Levels and vault maps discovered:
D:1:      roderic_crossed_star, layout_loops_cross
D:2:      layout_rooms, serial_shops, shop,
          hellmonk_ecumenical_altar_leap_of_faith, dreamdust_mushroom_princess
D:3:      layout_basic, minmay_quadrilaterals, uniq_robin
D:4:      black_bear_nest_2, layout_rooms

Skill      XL: |  1  2  3  4 |
---------------+-------------+-----
Axes           | 3 |  3.8
Stealth        | 1 |  1.3
Dodging        | 1 |  1.1
Fighting       | |  3.7
Armour         | |  3.3
Shields        | |  3.4

Action                     |  1- 3 |  4- 6 || total
---------------------------+-------+-------++-------
  Melee: War axe           |    46 |    30 ||    76
 Invoke: Sacrifice Essence |     1 |       ||     1
    Use: Scroll            |     2 |     1 ||     3
         Potion            |       |     3 ||     3
 Armour: Scale mail        |    25 |    30 ||    55
  Dodge: Dodged            |    19 |    18 ||    37
  Block: Buckler           |     8 |     7 ||    15
